 Dungeon Crawl Stone Soup version 0.28.0 (webtiles) character file.

Game seed: 16058548887422920290

11815 Dorkslayer the Cleaver (level 11, 0/95 HPs)
             Began as a Hill Orc Fighter on June 12, 2022.
             Was an Initiate of Gozag.
             Slain by a raiju (7 damage)
             ... on level 3 of the Abyss.
             The game lasted 00:33:48 (13473 turns).

Dorkslayer the Cleaver (Hill Orc Fighter)          Turns: 13473, Time: 00:33:48

Health: 0/95       AC: 20    Str: 27    XL:     11   Next: 83%
Magic:  11/11      EV:  9    Int: 14    God:    Gozag
Gold:   1108       SH:  5    Dex: 12    Spells: 10/10 levels left

rFire   + . .      SeeInvis +   a - +0 war axe
rCold   . . .      Faith    .   c - +0 buckler
rNeg    . . .      Spirit   .   d - +1 chain mail {rF+}
rPois   .          Reflect  .   y - +1 hat
rElec   .          Harm     .   s - +2 cloak
rCorr   .          Rampage  .   q - +1 pair of gloves
Will    .....                   C - +0 pair of boots
Stlth   ..........              (no amulet)
HPRegen 0.25/turn               r - ring of see invisible
MPRegen 0.12/turn               l - ring "Futosyx" {Str+5 Int+6}

@: studying Axes
A: no striking features
a: Renounce Religion, Potion Petition, Call Merchant, Bribe Branch


You were on level 3 of the Abyss.
You worshipped Gozag.
Gozag was most pleased with you.
You visited 2 branches of the dungeon, and saw 12 of its levels.
You visited the Abyss 1 time.

You collected 2115 gold pieces.
You spent 880 gold pieces at shops.
You paid 127 gold pieces to Gozag.

Inventory:

Hand Weapons
 a - a +0 war axe (weapon)
Missiles
 o - 5 boomerangs (quivered)
 t - 2 throwing nets
 v - 29 poisoned darts
Armour
 c - a +0 buckler (worn)
 d - a +1 chain mail of fire resistance (worn)
 m - a +0 plate armour
 q - a +1 pair of gloves (worn)
 s - a +2 cloak (worn)
 y - a +1 hat (worn)
 C - a +0 pair of boots (worn)
Jewellery
 b - a ring of positive energy
 g - a ring of magical power
 l - the ring "Futosyx" (right hand) {Str+5 Int+6}
   (You found it on level 3 of the Dungeon)

   [ring of intelligence]

   Str:       It affects your strength (+5).
   Int:       It affects your intelligence (+6).
 r - a ring of see invisible (left hand)
 E - a ring of protection from fire
Wands
 i - a wand of flame (14)
 j - a wand of paralysis (3)
 A - a wand of polymorph (14)
Scrolls
 e - 2 scrolls of fear
 f - 3 scrolls of blinking
 B - 4 scrolls of fog
Potions
 h - 4 potions of flight
 k - a potion of heal wounds
 p - 3 potions of brilliance
 u - a potion of mutation {unknown}
 x - a potion of ambrosia
 z - 2 potions of magic {unknown}
 F - 2 potions of cancellation {unknown}


   Skills:
 * Level 8.8 Fighting
 + Level 13.5 Axes
 + Level 5.5 Throwing
 * Level 8.6 Armour
 * Level 2.6 Dodging
 + Level 1.9 Stealth
 * Level 6.8 Shields
 * Level 7.8 Evocations


You had 10 spell levels left.
You didn't know any spells.
Your spell library contained the following spells:

 Spells                   Type           Power      Damage    Failure   Level
 Foxfire                  Conj/Fire      0%         2x1d4     87%         1
 Conjure Flame            Conj/Fire      0%         6-21      99%         3
 Dazzling Flash           Conj/Hex       0%         N/A       99%         3
 Frozen Ramparts          Ice            0%         1d2       99%         3
 Gell's Gravitas          Tloc           0%         N/A       99%         3
 Inner Flame              Hex/Fire       0%         N/A       99%         3
 Lesser Beckoning         Tloc           0%         N/A       99%         3
 Spider Form              Tmut/Pois      0%         N/A       99%         3
 Stone Arrow              Conj/Erth      0%         3d7       99%         3
 Teleport Other           Tloc           0%         N/A       99%         3
 Animate Armour           Summ/Erth      0%         N/A       100%        4
 Flame Wave               Conj/Fire      0%         2d4       100%        4
 Ice Form                 Ice/Tmut       0%         N/A       100%        4
 Leda's Liquefaction      Hex/Erth       0%         N/A       100%        4
 Summon Ice Beast         Ice/Summ       0%         N/A       100%        4
 Storm Form               Tmut/Air       0%         N/A       100%        7
 Lehudib's Crystal Spear  Conj/Erth      0%         10d2      100%        8


Dungeon Overview and Level Annotations

Branches:
Dungeon (10/15)            Temple (0/1) D:6             Orc (2/2) D:9
   Lair: D:8-11         Elf: Orc:2

Altars:
Gozag
Hepliaklqana

Shops:
D:4 [   D:6 :

Annotations:
D:8 2 transporters, Stephen2Aus's ghost, novice GnFi
D:10 Sonja


Message History

As you read the scroll of teleportation, it crumbles to dust.
You feel strangely unstable.
You feel the power of the Abyss delaying your translocation!
A large abomination comes into view.
A thrashing horror comes into view.
The thrashing horror moves out of view.
The large abomination hits you.
A thrashing horror comes into view.
A thrashing horror comes into view.
The thrashing horror roars! x2
You are suddenly pulled into a different region of the Abyss!
A worldbinder comes into view.
The worldbinder calls forth creatures from the Spider Nest!
As you read the scroll of fear, it crumbles to dust.
You assume a fearsome visage.
The worldbinder is unaffected.
The tarantella looks frightened!
The wolf spider hits you!
* * * LOW HITPOINT WARNING * * *
You block the wolf spider's attack.
The worldbinder calls forth creatures from the Spider Nest!
The wolf spider hits you but does no damage.
The wolf spider bites you but does no damage.
A raiju comes into view.
The raiju barks!
You hear a shout!
The wolf spider disappears in a puff of smoke!
The raiju bursts into living lightning!
The living lightning hits you!
* * * LOW HITPOINT WARNING * * *
The raiju blinks! x2
A smoke demon comes into view.
You hear a bark!
The smoke demon roars!
You hit the worldbinder.
The worldbinder is lightly damaged.
You closely miss the raiju.
You hit the tarantella but do no damage.
The tarantella touches you but does no damage.
The raiju bites you!
You die...
Your body crumbles into a pile of gold.

#.......##..##..#
........ ##..##..##.
....................
##.....##...........
##......###..##..##.
§........##..##..#
.......s...........
3..#...sx§s.........
#...h@###..##..##.
#....## #..# ..#
....... .### .
##..... . # .......
..##... . .... #....


You could see a wolf spider (summoned), a worldbinder, a smoke demon, a raiju
and 2 tarantellas.

Vanquished Creatures
  Gastronok (D:9)
  A two-headed ogre (D:10)
  Pikel (D:8)
  3 kobold demonologists
  An ancient zyme (Abyss:2)
  A troll (D:9)
  A hornet (D:9)
  Grinder (D:3)
  Sigmund (D:5)
  17 yaks
  2 wraiths (D:9)
  A warg (Orc:1)
  An acid dragon (D:7)
  2 water moccasins (D:7)
  A black bear (D:6)
  4 ice beasts
  11 orc warriors
  2 hornet zombies
  2 necrophages (D:6)
  6 ogres
  3 centaurs
  5 kobold brigands
  3 bullfrogs
  A gnoll sergeant (D:5)
  3 scorpions
  The ghost of Dorkslayer the Skirmisher, a weakling HOFi (D:3)
  4 howler monkeys
  An electric eel (D:8)
  3 jellies
  A centaur zombie (D:9)
  5 hounds
  10 orc priests
  5 iguanas
  Crazy Yiuf (D:5)
  13 orc wizards
  A hound zombie (D:5)
  9 adders
  3 gnolls (D:5)
  A howler monkey skeleton (D:5)
  2 shadow imps (D:6)
  3 white imps
  4 ufetubi
  3 worms
  4 dart slugs
  44 orcs
  8 endoplasms
  3 giant cockroaches
  2 goblins
  6 hobgoblins
  3 jackals (D:1)
  32 kobolds
  5 quokkas
  7 ball pythons
  5 bats
  3 frilled lizards
  5 rats
272 creatures vanquished.

Vanquished Creatures (others)
  A swamp drake (D:9)
  2 starspawn tentacles (Abyss:3)
3 creatures vanquished.

Grand Total: 275 creatures vanquished

Notes
Turn   | Place    | Note
-------+----------+-------------------------------------------
     0 | D:1      | Dorkslayer the Hill Orc Fighter began the quest for the
                  | Orb.
     0 | D:1      | Reached XP level 1. HP: 19/19 MP: 1/1
    90 | D:1      | Found a faded altar of an unknown god.
   235 | D:1      | Reached XP level 2. HP: 27/27 MP: 2/2
   311 | D:1      | Reached skill level 3 in Axes
   417 | D:1      | Reached XP level 3. HP: 28/33 MP: 3/3
   969 | D:2      | Found a hazy altar of Hepliaklqana.
   979 | D:2      | You fall into a shaft and drop 1 floor!
   992 | D:3      | Identified the ring "Futosyx" {Str+5 Int+6}
  1003 | D:3      | Reached XP level 4. HP: 23/40 MP: 4/4
  1478 | D:2      | Reached skill level 4 in Axes
  2530 | D:3      | Noticed Grinder
  2535 | D:3      | Paralysed by Grinder for 4 turns
  2543 | D:3      | Killed Grinder
  2544 | D:3      | Reached skill level 5 in Axes
  2544 | D:3      | Reached skill level 1 in Dodging
  2544 | D:3      | Reached skill level 1 in Evocations
  2544 | D:3      | Reached XP level 5. HP: 42/47 MP: 5/5
  2544 | D:3      | Reached XP level 6. HP: 47/53 MP: 6/6
  3158 | D:3      | Noticed Dorkslayer's ghost (weakling HOFi)
  3160 | D:3      | Found a transporter.
  3160 | D:3      | Identified the +11 dire flail of Ashenzari's Favour {chaos,
                  | *Noise rPois rN+ Int+4}
  3298 | D:3      | Found a transporter.
  3404 | D:3      | Reached XP level 7. HP: 60/60 MP: 7/7
  3406 | D:3      | Reached skill level 6 in Axes
  3406 | D:3      | Reached skill level 1 in Throwing
  3406 | D:3      | Reached skill level 5 in Armour
  3414 | D:3      | Killed Dorkslayer's ghost
  3581 | D:4      | Reached skill level 5 in Fighting
  3741 | D:4      | Reached skill level 7 in Axes
  3782 | D:4      | Reached XP level 8. HP: 60/68 MP: 8/8
  4154 | D:4      | Found Akiesa's Armour Boutique.
  4399 | D:5      | Entered Level 5 of the Dungeon
  4800 | D:5      | Reached skill level 8 in Axes
  4812 | D:5      | Noticed Sigmund
  4822 | D:5      | Killed Sigmund
  4885 | D:5      | Found a runed translucent door.
  4886 | D:5      | Noticed Crazy Yiuf
  4892 | D:5      | Killed Crazy Yiuf
  5059 | D:6      | Reached XP level 9. HP: 62/75 MP: 9/9
  5062 | D:6      | Reached skill level 1 in Stealth
  5106 | D:6      | Reached skill level 9 in Axes
  5261 | D:6      | Found an opulent altar of Gozag.
  5269 | D:6      | Became a worshipper of Gozag Ym Sagoz the Greedy
  5399 | D:6      | Found a staircase to the Ecumenical Temple.
  5832 | D:6      | Found Sahopt's Self-Improvement Boutique.
  6055 | D:7      | Reached skill level 10 in Axes
  6231 | D:7      | Reached skill level 5 in Shields
  6231 | D:7      | Reached skill level 5 in Evocations
  6571 | D:7      | Got the Handbook of Enthralling Transformation
  7642 | D:8      | Reached XP level 10. HP: 83/84 MP: 10/10
  7693 | D:8      | Noticed Pikel
  7721 | D:8      | Killed Pikel
  7906 | D:8      | Found a transporter.
  7907 | D:8      | Noticed Stephen2Aus's ghost (novice GnFi)
  7986 | D:8      | Found a transporter.
  8122 | D:8      | Reached skill level 11 in Axes
  8159 | D:8      | HP: 4/86 [orc warrior (11)]
  9211 | D:9      | Noticed a kobold demonologist
  9213 | D:9      | Noticed a kobold demonologist
  9214 | D:9      | Noticed a rust devil
  9426 | D:9      | Noticed Gastronok
  9488 | D:9      | Noticed a kobold demonologist
  9488 | D:9      | Noticed a rust devil
  9489 | D:9      | Noticed a smoke demon
  9500 | D:8      | Killed a kobold demonologist
  9551 | D:9      | Noticed a rust devil
  9552 | D:9      | Noticed a sun demon
  9559 | D:8      | Killed a kobold demonologist
  9683 | D:9      | Killed a kobold demonologist
  9684 | D:9      | Reached skill level 12 in Axes
  9684 | D:9      | Reached skill level 5 in Throwing
 10008 | D:9      | Reached XP level 11. HP: 71/92 MP: 11/11
 10350 | D:9      | Killed Gastronok
 10569 | D:9      | Found a staircase to the Orcish Mines.
 11083 | D:6      | Bought a manual of Axes for 880 gold pieces
 11217 | Orc:1    | Entered Level 1 of the Orcish Mines
 11444 | Orc:1    | Noticed an orc warlord
 11467 | Orc:2    | Entered Level 2 of the Orcish Mines
 11760 | Orc:1    | HP: 2/94 [orc warlord (28)]
 12264 | D:10     | Entered Level 10 of the Dungeon
 12339 | D:10     | Reached skill level 13 in Axes
 13072 | D:10     | Noticed a two-headed ogre
 13079 | D:10     | Killed a two-headed ogre
 13236 | D:10     | Noticed Sonja
 13244 | D:10     | Cast into level 2 of the Abyss (Sonja)
 13278 | Abyss:2  | Noticed a worldbinder
 13284 | Abyss:2  | Noticed an ironbound thunderhulk
 13284 | Abyss:2  | Noticed a white very ugly thing
 13290 | Abyss:2  | Noticed a large abomination
 13335 | Abyss:2  | Noticed a thrashing horror
 13343 | Abyss:2  | Found a corrupted altar of Lugonu.
 13378 | Abyss:3  | Noticed a tentacled starspawn
 13381 | Abyss:3  | Noticed a starcursed mass
 13397 | Abyss:3  | Found a corrupted altar of Lugonu.
 13427 | Abyss:3  | Noticed a large abomination
 13441 | Abyss:3  | Noticed a large abomination
 13442 | Abyss:3  | Noticed a thrashing horror
 13444 | Abyss:3  | Noticed a thrashing horror
 13445 | Abyss:3  | Noticed a thrashing horror
 13463 | Abyss:3  | Noticed a worldbinder
 13465 | Abyss:3  | Noticed a wolf spider
 13472 | Abyss:3  | Noticed a wolf spider
 13473 | Abyss:3  | Slain by a raiju

Illustrated notes

Levels and vault maps discovered:
D:1:      zelgadis_glass_arrival_small, layout_loops_ring,
          basic_ecumenical_altar, minmay_pentomino_w4
D:2:      layout_basic, basic_altar
D:3:      cheibrodos_helix_gallery, layout_loops_corners, gammafunk_ghost_smash,
          uniq_grinder
D:4:      layout_basic, serial_shops, kennysheep_mini_moat
D:5:      layout_cave_pools, uniq_crazy_yiuf_cottage, uniq_sigmund
D:6:      layout_loops_ring, nicolae_gozag_cash_rules_everything_around_me,
          minmay_temple_entry_statues_fountains, nicolae_shop_self_help
D:7:      layout_loops_corners
D:8:      layout_basic, gammafunk_ghost_stat_death, minmay_crystal_water,
          uniq_pikel
D:9:      layout_cave_pools, erik_orc_1, uniq_gastronok
D:10:     layout_big_octagon, uniq_sonja
Orc:1:    layout_diamond_mine
Orc:2:    st_orc_rangers, layout_caves, serial_shops, nicolae_square_shop,
          nicolae_shop_behind_doors, uniq_jorgrun
Abyss:3:  base: D:9, hangedman_abyss_shoalhut, nicolae_abyss_rune_star_stuff,
          hangedman_abyss_or_decor_slice, lemuel_flamethrower_hall

Skill      XL: |  1  2  3  4  5  6  7  8  9 10 11 |
---------------+----------------------------------+-----
Axes           | 3 5 7 8 10 12 13 | 13.5
Fighting       | 4 5 6 7 8 |  8.8
Armour         | 4 5 6 7 8 |  8.6
Dodging        | 1 2 |  2.6
Shields        | 4 5 6 |  6.8
Evocations     | 1 2 3 5 6 7 |  7.8
Throwing       | 1 2 3 5 |  5.5
Stealth        | 1 |  1.9

Action                   |  1- 3 |  4- 6 |  7- 9 | 10-12 || total
-------------------------+-------+-------+-------+-------++-------
Melee: War axe           |    84 |   109 |   333 |   436 ||   962
Throw: Boomerang         |       |       |    13 |     7 ||    20
       Dart              |       |       |       |    19 ||    19
Evoke: Wand              |       |    10 |    14 |    14 ||    38
  Use: Scroll            |     2 |     5 |     5 |    14 ||    26
       Potion            |       |     2 |       |    10 ||    12
 Stab: Distracted        |       |       |     1 |     4 ||     5
       Confused          |       |       |       |     1 ||     1
Armor: Scale mail        |    50 |    37 |     8 |       ||    95
       Chain mail        |       |       |   173 |   115 ||   288
       Plate armour      |       |       |       |   172 ||   172
Dodge: Dodged            |    53 |    52 |   134 |   149 ||   388
Block: Buckler           |    22 |    27 |    73 |   131 ||   253
